 Dungeon Crawl Stone Soup version 0.23.0-38-g208d714 (webtiles) character file.

Game seed: 3021776972931678727

200 MalarOregon the Skirmisher (level 5, -5/44 HPs)
             Began as a Merfolk Wizard on Feb 27, 2019.
             Killed by divine providence
             ... invoked by an orc priest
              (17 damage)
             ... on level 4 of the Dungeon.
             The game lasted 00:09:59 (5331 turns).

MalarOregon the Skirmisher (Merfolk Wizard)         Turns: 5331, Time: 00:10:00

Health: -5/44      AC:  6    Str:  9    XL:     5   Next: 79%
Magic:  5/9        EV: 13    Int: 17    God:
Gold:   95         SH:  0    Dex: 12    Spells: 2/10 levels left

rFire    . . .     SeeInvis .   i - +1 spear
rCold    . . .     Gourm    .   (no shield)
rNeg     . . .     Faith    .   a - +0 robe
rPois    .         Spirit   .   b - +0 hat
rElec    .         Reflect  .   r - +0 cloak
rCorr    .         Harm     .   l - +2 pair of gloves
MR       .....                  (no boots)
Stlth    ++........             (no amulet)
HPRegen  0.14/turn              (no ring)
MPRegen  0.11/turn              (no ring)

@: no status effects
A: change form in water, swift swim, stealthy swim
a: no special abilities


You were on level 4 of the Dungeon.
You were not hungry.

You visited 1 branch of the dungeon, and saw 4 of its levels.

You collected 95 gold pieces.

Inventory:

Hand Weapons
 i - a +1 spear (weapon)
   (You found it on level 2 of the Dungeon)
Armour
 a - a +0 robe (worn)
 b - a +0 hat (worn)
 l - a +2 pair of gloves (worn)
   (You found it on level 1 of the Dungeon)
 r - a +0 cloak (worn)
   (You found it on level 3 of the Dungeon)
Jewellery
 f - an uncursed ring of resist corrosion {unknown}
   (You found it on level 3 of the Dungeon)
Scrolls
 d - a scroll of identify {@r1}
 h - a scroll of enchant weapon
 m - a scroll of teleportation {@r4}
Potions
 c - a potion of curing {@q1}
 g - 3 potions of haste {@q3}
 j - 2 potions of agility
 n - a potion of brilliance
 o - a potion of mutation {unknown}
Comestibles
 e - 8 rations {!d}
 k - 6 chunks of flesh


   Skills:
 - Level 5.0 Fighting
 + Level 3.0 Polearms
 - Level 2.6 Dodging
 - Level 2.1 Stealth
 - Level 3.0 Spellcasting
 - Level 1.0 Conjurations
 - Level 1.0 Summonings
 - Level 0.7 Translocations
 - Level 1.1 Poison Magic


You had 2 spell levels left.
You knew the following spells:

 Your Spells              Type           Power        Failure   Level  Hunger
a - Magic Dart            Conj           #...         12%         1    None
b - Blink                 Tloc           N/A          21%         2    ##.....
f - Mephitic Cloud        Conj/Pois/Air  #.......     36%         3    ###....
x - Call Imp              Summ           #.......     17%         2    ##.....

Your spell library contained the following spells:

 Spells                   Type           Power        Failure   Level  Hunger
 Slow                     Hex            #.......     26%         2    ##.....
 Conjure Flame            Conj/Fire      #.......     38%         3    ###....


Dungeon Overview and Level Annotations

Branches:
Dungeon (4/15)
 Temple: D:4-7

Altars:
Gozag
Ru
Uskayaw


Message History

You hit the orc.
You kill the orc!
You swap places.
Your crimson imp barely misses the orc priest.
The orc priest hits your crimson imp but does no damage.
Attack whom?
Aim: an orc priest, wielding a +0 club You could not reach far enough!
Your crimson imp closely misses the orc priest.
The orc priest hits your crimson imp with a +0 club.
Attack whom?
Aim: an orc priest, wielding a +0 club You could not reach far enough!
Your crimson imp hits the orc priest.
The orc priest calls down the wrath of Beogh upon you.
Beogh smites you!
* * * LOW HITPOINT WARNING * * *
Attack whom?
Aim: an orc priest, wielding a +0 club (lightly wounded)
You could not reach far enough!
Your crimson imp disappears in a puff of smoke!
Your crimson imp hits the orc priest.
The orc priest closely misses your crimson imp.
Attack whom?
Aim: an orc priest, wielding a +0 club (moderately wounded)
You could not reach far enough!
Your crimson imp closely misses the orc priest.
A beastly little devil appears in a puff of frigid air.
The orc priest hits your crimson imp but does no damage.
Your crimson imp hits the orc priest.
Attack whom?
Aim: an orc priest, wielding a +0 club (moderately wounded)
You could not reach far enough!
The orc priest completely misses your crimson imp.
Your crimson imp barely misses the orc priest.
Attack whom?
Aim: an orc priest, wielding a +0 club (moderately wounded)
You could not reach far enough!
The orc priest closely misses your crimson imp.
Your crimson imp hits the orc priest.
Attack whom?
Aim: an orc priest, wielding a +0 club (heavily wounded)
You could not reach far enough!
Your crimson imp hits the orc priest.
The orc priest hits your crimson imp with a +0 club!
Attack whom?
Aim: an orc priest, wielding a +0 club (heavily wounded)
You could not reach far enough!
Your crimson imp closely misses the orc priest.
The orc priest invokes the aid of Beogh against you.
Beogh smites you!
You die...

,,,,,,,,,* *,* *,,,,,,,,,*
***,,,,*,* *,* ******,****
*,**,*,***+** *,* *,,,,,,**,,,**
*,* ** *****,***,,,,,** *,** *,
**,***,**,,,,,,,** *,,** *,
*,,,**,*,,,,,,,,,* *,,,* *,
,,,,,,,,,,#######################
*,,,*,,,,,#.?)o5@5†...#..........
**,**,,,,>#.#########.#.#########
****,***,*,,,,,#.....#.....#....
*,* *,*****,#.#########.#.### *,*
*,+,,,,,#...........#.... *,*
***###**#################
*.######<# *,* *......#W## *,*
*#........## *,* *****


You could see an orc priest, a friendly crimson imp and a friendly white imp.

Vanquished Creatures
  An orc wizard (D:4)
  4 adders
  An ooze (D:3)
  3 worms
  4 dart slugs
  9 orcs
  A ball python (D:3)
  3 giant cockroaches
  6 goblins
  9 hobgoblins
  12 kobolds
  A quokka (D:3)
  10 bats
  5 frilled lizards
  A leopard gecko skeleton (D:4)
  9 rats
79 creatures vanquished.

Vanquished Creatures (collateral kills)
  A worker ant (D:3)
  An adder (D:2)
  2 worms (D:3)
  3 orcs (D:3)
  A giant cockroach (D:1)
  A hobgoblin (D:1)
9 creatures vanquished.

Grand Total: 88 creatures vanquished

Notes
Turn   | Place    | Note
-------+----------+-------------------------------------------
     0 | D:1      | MalarOregon the Merfolk Wizard began the quest for the Orb.
     0 | D:1      | Reached XP level 1. HP: 13/13 MP: 4/4
   124 | D:1      | Reached skill level 1 in Fighting
   460 | D:2      | Reached XP level 2. HP: 22/22 MP: 0/6
   525 | D:2      | Reached skill level 2 in Fighting
   728 | D:2      | Reached XP level 3. HP: 22/28 MP: 0/7
   906 | D:2      | HP: 1/28 [worm (9)]
  1205 | D:2      | Learned a level 2 spell: Call Imp
  1209 | D:2      | Learned a level 3 spell: Mephitic Cloud
  1212 | D:2      | Learned a level 2 spell: Blink
  1262 | D:2      | Reached skill level 3 in Fighting
  1873 | D:2      | Reached skill level 1 in Conjurations
  2084 | D:2      | Reached skill level 1 in Poison Magic
  2478 | D:1      | Reached XP level 4. HP: 30/35 MP: 8/8
  3106 | D:3      | Reached skill level 4 in Fighting
  3328 | D:3      | Found an opulent altar of Gozag.
  3357 | D:3      | Found a hide-covered altar of Uskayaw.
  3947 | D:3      | Reached skill level 1 in Polearms
  3965 | D:3      | Reached XP level 5. HP: 37/43 MP: 9/9
  4651 | D:4      | Noticed a phantom
  5134 | D:4      | Found a sacrificial altar of Ru.
  5309 | D:4      | Reached skill level 5 in Fighting
  5331 | D:4      | Killed from afar by an orc priest

Skill      XL: |  1  2  3  4  5 |
---------------+----------------+-----
Fighting       | 1 2 3 4 5 |  5.0
Conjurations   | 1 |  1.0
Poison Magic   | 1 |  1.1
Polearms       | 1 3 |  3.0
Dodging        | |  2.6
Stealth        | |  2.1
Spellcasting   | |  3.0
Summonings     | |  1.0
Translocations | |  0.7

Action                   |  1- 3 |  4- 6 || total
-------------------------+-------+-------++-------
Melee: Club              |    41 |       ||    41
       Unarmed           |     4 |       ||     4
       Dagger            |    32 |   161 ||   193
       Spear             |       |   119 ||   119
 Cast: Magic Dart        |    52 |    25 ||    77
       Call Imp          |     3 |    16 ||    19
  Use: Scroll            |       |    11 ||    11
 Stab: Sleeping          |     2 |     5 ||     7
  Eat: Chunk             |     5 |    10 ||    15
Armor: Robe              |    15 |    82 ||    97
Dodge: Dodged            |    57 |   199 ||   256
